 Dungeon Crawl Stone Soup version 0.30-a0-879-ga8ba668304 (webtiles) character file.

Game seed: 11398656584005977897

11 domi the Conjurer (level 2, 19/19 HPs)
             Began as a Demonspawn Conjurer on Mar 13, 2023.
             Got out of the dungeon alive.
             The game lasted 00:01:21 (396 turns).

domi the Conjurer (Demonspawn Conjurer)              Turns: 396, Time: 00:01:21

Health: 19/19      AC:  2    Str:  7    XL:     2   Next: 13%
Magic:  5/5        EV: 12    Int: 19    God:
Gold:   0          SH:  0    Dex: 11    Spells: 4/5 levels left

rFire   . . .      SeeInvis .    (no weapon)
rCold   . . .      Faith    .    (no shield)
rNeg    . . .      Spirit   .    a - +0 robe
rPois   .          Reflect  .    (no helmet)
rElec   .          Rampage  .    (no cloak)
rCorr   .                        (no gloves)
Will    .....                    (no boots)
Stlth   ++                       (no amulet)
HPRegen 0.23/turn                (no ring)
MPRegen 0.09/turn                (no ring)

@: no status effects
A: spiny 1
a: no special abilities


You escaped.
You visited 1 branch of the dungeon, and saw 1 of its levels.

Inventory:

Armour
 a - a +0 robe (worn)
Scrolls
 d - 3 scrolls of identify {unknown}


   Skills:
 - Level 1.7 Dodging
 - Level 1.7 Stealth
 - Level 2.0 Spellcasting
 + Level 4.5 Conjurations


You had 4 spell levels left.
You knew the following spells:

 Your Spells              Type           Power      Damage    Failure   Level
z - Magic Dart            Conj           76%        1d6       2%          1

Your spell library contained the following spells:

 Spells                   Type           Power      Damage    Failure   Level
 Searing Ray              Conj           38%        2d5       4%          2
 Freeze                   Ice            4%         1d3       17%         1
 Dazzling Flash           Conj/Hex       20%        N/A       21%         3
 Hailstorm                Conj/Ice       10%        3d5       21%         3
 Frozen Ramparts          Ice            2%         1d1       45%         3
 Fulminant Prism          Conj/Hex       5%         3d6       54%         4
 Iskenderun's Mystic Bla  Conj/Tloc      10%        2d4       54%         4


Dungeon Overview and Level Annotations

Branches:
Dungeon (1/15)

Altars:


Innate Abilities, Weirdness & Mutations

You are partially covered in sharp spines.


Message History

You hit the jackal but do no damage. The jackal misses you.
The jackal closely misses you.
You barely miss the jackal. The jackal bites you.
You hit the jackal but do no damage. The jackal closely misses you. x2
Magic courses through your body. The jackal bites you.
Aim: a jackal (lightly wounded, 100% to hit)
The magic dart hits the jackal but does no damage.
The jackal barely misses you.
Aim: a jackal (lightly wounded, 100% to hit)
The magic dart hits the jackal.
The jackal bites you. The jackal closely misses you.
Aim: a jackal (moderately wounded, 100% to hit)
The magic dart hits the jackal but does no damage.
The jackal barely misses you.
Aim: a jackal (moderately wounded, 100% to hit)
The magic dart hits the jackal.
The jackal misses you. The jackal closely misses you.
You don't have enough magic to cast this spell.
It was a potion of invisibility.
You fade into invisibility!
The jackal bites you but does no damage.
You catch the helpless jackal completely off-guard!
You hit the jackal but do no damage. The jackal closely misses you.
You hit the jackal but do no damage. The jackal bites you.
The jackal closely misses you.
You hit the jackal. The jackal closely misses you.
You hit the jackal but do no damage. The jackal bites you.
* * * LOW HITPOINT WARNING * * *
The jackal completely misses you.
You closely miss the jackal.
The jackal bites you but does no damage.
You barely miss the jackal. The jackal closely misses you.
You closely miss the jackal. The jackal bites you.
* * * LOW HITPOINT WARNING * * *
You hit the jackal but do no damage.
You flicker for a moment.
The jackal closely misses you.
You hit the jackal but do no damage. The jackal barely misses you.
You catch the helpless jackal completely off-guard!
You hit the jackal.
You kill the jackal!
You strike the helpless jackal from behind!
You hit the jackal. The jackal barely misses you.
Aim: a jackal (moderately wounded, unable to see you, 100% to hit)
The magic dart hits the jackal.
The jackal barely misses you. The jackal misses you.
You catch the helpless jackal completely off-guard!
You hit the jackal but do no damage. The jackal closely misses you.
You barely miss the jackal.
You flicker back into view.
The jackal misses you. The jackal barely misses you.
You hit the jackal but do no damage. The jackal barely misses you.
You closely miss the jackal. The jackal closely misses you.
You fade into invisibility!
The jackal barely misses you.
The jackal bites you but does no damage.
You miss the jackal. The jackal bites you.
You closely miss the jackal. The jackal bites you.
* * * LOW HITPOINT WARNING * * *
The jackal bites you.
* * * LOW HITPOINT WARNING * * *
Aim: a jackal (almost dead, unable to see you, 100% to hit)
The magic dart hits the jackal.
You kill the jackal!
You start resting.
You flicker for a moment.
You start resting.
You flicker back into view.
You see here a jackal corpse.
A dart slug is nearby!
A dart slug is nearby!
A dart slug is nearby!
A dart slug is nearby!
Aim: a dart slug (moderately wounded, wandering, hasn't noticed you, 100% to hit)
The magic dart hits the dart slug.
Aim: a dart slug (almost dead, 100% to hit)
The magic dart hits the dart slug.
You kill the dart slug!
You have reached level 2!
Your demonic ancestry asserts itself...
Sharp spines emerge from parts of your body.
You pick up a book of Frost and begin reading...
You add the spells Freeze, Frozen Ramparts and Hailstorm to your library.
A goblin and a giant cockroach come into view.
You see here a +0 robe.
There are monsters nearby!
There are monsters nearby!
Aim: a giant cockroach (asleep, 100% to hit)
The magic dart hits the giant cockroach.
The giant cockroach bites you but does no damage.
The goblin is struck by your spines.
You kill the goblin!
The giant cockroach misses you. The giant cockroach closely misses you.
The giant cockroach closely misses you. The giant cockroach barely misses you.
The giant cockroach is struck by your spines.
You kill the giant cockroach!
There is a staircase leading out of the dungeon here.
Are you sure you want to leave the Dungeon?
This will make you lose the game!
You have escaped!

#.#.#####.#...### .##
#.#.........#...###.#
#....#......##...##.#
###.####...####...#.##
### ##..# ###....# ###
##...## #.w..#
#.###...#.## ##...#
##.##.......####....#
#...#.@.###..##..#..#
#..#....# #..##..#..#
#.......# #....)##..#
#.###..## #.....##..#
#.###...###....###..#
#..##....#..#### ..#
#.#########.###.....###
#.......##†#†####..##.#
#.........###.....###.#


There were no monsters in sight!

Vanquished Creatures
  A dart slug (D:1)
  A giant cockroach (D:1)
  A goblin (D:1)
  3 jackals (D:1)
  A kobold (D:1)
7 creatures vanquished.

Notes
Turn   | Place    | Note
-------+----------+-------------------------------------------
     0 | D:1      | domi the Demonspawn Conjurer began the quest for the Orb.
     0 | D:1      | Reached XP level 1. HP: 13/13 MP: 3/3
   160 | D:1      | HP: 3/13 [jackal (2)]
   175 | D:1      | HP: 3/13 [jackal (1)]
   175 | D:1      | HP: 1/13 [jackal (2)]
   266 | D:1      | Gained mutation: You are partially covered in sharp spines.
                  | [demonic ancestry]
   266 | D:1      | Reached XP level 2. HP: 19/19 MP: 1/5
   396 | D:$      | Got out of the dungeon alive.

Illustrated notes

Levels and vault maps discovered:
D:1:      dpeg_arrival_arbitrary_b, layout_loops_ring,
          minmay_misc_feat_nine_boxes, minivault_25

Action                     || total
---------------------------++-------
  Melee: Unarmed           ||    26
   Cast: Magic Dart        ||    18
    Use: Potion            ||     3
   Stab: Invisible         ||     4
 Armour: Robe              ||     5
  Dodge: Dodged            ||    35

Table legend: (Time is in decaauts)
 A = Elapsed time spent in this place.
 B = Non-inter-level travel time spent in this place.
 C = Inter-level travel time spent in this place.
 D = Time resting spent in this place.
 E = Time spent auto-exploring this place.
 F = Levels seen in this place.
 G = Mean time per level.
                   A        B        C        D        E       F      G
               +--------+--------+--------+--------+--------+-----+--------+
         Total |    396 |    375 |     21 |     48 |    194 |   1 |  396.0 |
       Dungeon |    396 |    375 |     21 |     48 |    194 |   1 |  396.0 |
               +--------+--------+--------+--------+--------+-----+--------+

Top non-repeatable levels by time:
     D:1: 396 daAuts

Table legend:
 A = Kills in this place as a percentage of kills in the entire game.
 B = Kills by you in this place as a percentage of kills by you in the entire game.
 C = Kills by friends in this place as a percentage of kills by friends in the entire game.
 D = Other kills in this place as a percentage of other kills in the entire game.
 E = Experience gained in this place as a percentage of experience gained in the entire game.
 F = Experience gained in this place divided by the number of levels of this place that you have seen.
                   A       B       C       D       E      F
               +-------+-------+-------+-------+-------+----------------------
         Total | 100.0 | 100.0 |   N/A |   N/A | 100.0 |  16.0
       Dungeon | 100.0 | 100.0 |   N/A |   N/A | 100.0 |  16.0
               +-------+-------+-------+-------+-------+----------------------
